 Dungeon Crawl Stone Soup version 0.18-a0-1628-g61c6396 (webtiles) character file.

2974 Ijustatesigmund the Covert (level 9, 0/48 HPs)
             Began as a Spriggan Assassin on Mar 25, 2016.
             Was a Priest of Vehumet.
             Succumbed to a killer bee's poison
             ... on level 8 of the Dungeon.
             The game lasted 00:25:11 (9725 turns).

Ijustatesigmund the Covert (Spriggan Assassin)      Turns: 9725, Time: 00:25:13

Health: 0/48       AC:  6    Str: 10    XL:     9   Next: 53%
Magic:  14/14      EV: 24    Int: 14    God:    Vehumet [***...]
Gold:   168        SH:  0    Dex: 19    Spells: 0 memorised, 14 levels left

rFire  . . .     SeeInvis +     a - +2 dagger
rCold  . . .     Gourm    .     f - +2 robe {MR+}
rNeg   . . .     Faith    .     (shield restricted)
rPois  .         Spirit   .     (helmet restricted)
rElec  .         Dismiss  .     d - +1 cloak
rCorr  .         Reflect  .     (gloves unavailable)
SustAt .         Harm     .     (boots unavailable)
MR     +++..                    (no amulet)
Stlth  ++++++....               t - ring "Uvanivud" {MR+ Str+3}
                                h - ring of flight

@: lethally poisoned (0 -> -21), very quick, extremely resistant to hostile
enchantments, very stealthy
A: unfitting armour, see invisible, herbivore 3, speed 3, slow metabolism 2
a: Renounce Religion, Evoke Flight


You were on level 8 of the Dungeon.
You worshipped Vehumet.
Vehumet was most pleased with you.
You were not hungry.

You visited 2 branches of the dungeon, and saw 9 of its levels.

You collected 262 gold pieces.
You spent 94 gold pieces at shops.

Inventory:

Hand Weapons
 a - a +2 dagger (weapon)
 b - a +1 blowgun
Missiles
 e - 21 poisoned needles
 m - a curare-tipped needle
 p - 14 tomahawks of returning (quivered)
Armour
 d - a +1 cloak (worn)
 f - a +2 robe of magic resistance (worn)
Jewellery
 h - a ring of flight (left hand)
 t - the ring "Uvanivud" (right hand) {MR+ Str+3}
   (You found it on level 6 of the Dungeon)

   [ring of protection from magic]

   It affects your strength (+3).
   It affects your resistance to hostile enchantments.
Scrolls
 c - a scroll of vulnerability {unknown}
 n - 3 scrolls of remove curse
 r - 2 scrolls of teleportation
 u - a scroll of enchant weapon
 v - a scroll of amnesia
 w - 2 scrolls of magic mapping
Potions
 j - 2 potions of haste
 k - 2 potions of brilliance
 l - a potion of magic
 o - 2 potions of flight
Comestibles
 g - 5 bread rations


   Skills:
 - Level 6.1 Fighting
 - Level 6.0 Short Blades
 - Level 5.0 Throwing
 + Level 8.0 Dodging
 + Level 11.2 Stealth
 - Level 3.1 Spellcasting


You had 14 spell levels left.
You didn't know any spells.

Dungeon Overview and Level Annotations

Branches:
Dungeon (8/15)             Temple (1/1) D:4
   Lair: D:8-11

Altars:
Ashenzari
Dithmenos
Elyvilon
Fedhas
Gozag
Kikubaaqudgha
Makhleb
Nemelex Xobeh
Okawaru
Pakellas
Qazlal
Ru
Sif Muna
Trog
Vehumet
Xom
Yredelemnul
Zin
The Shining One

Shops:
D:4 %%*


Innate Abilities, Weirdness & Mutations

You are tiny and cannot use many weapons and most armour.
You have supernaturally acute eyesight.
You are a herbivore.
You cover ground extremely quickly.
You need consume almost no food.


Message History

You feel sick. The killer bee barely misses you. The killer bee misses you.
The killer bee stings you but does no damage.
The killer bee completely misses you.
You miss the killer bee.
The killer bee is severely wounded.
* * * LOW HITPOINT WARNING * * *
You feel sick. The killer bee misses you. x2
The killer bee barely misses you.
You hit the killer bee but do no damage.
The killer bee is severely wounded.
* * * LOW HITPOINT WARNING * * *
You feel sick. The killer bee misses you. x2
You barely miss the killer bee.
The killer bee is severely wounded.
Your surroundings suddenly seem different.
* * * LOW HITPOINT WARNING * * *
You feel sick.
Found five items.
A hound comes into view.
You die...

.. # #.............# #
#.............#. #
#..............# #
#..............# #
#.?.........$..# #
#...........(.##########
#.............#.........
#..:...@......#.########
#.............#<# #
#.............### #
#.........h.....
#...........|###
#..............
#............###
####.######... #. ..##


You could see a hound (sleeping).

Vanquished Creatures
  Sigmund (D:4)
  A hungry ghost (D:4)
  Edmund (D:5)
  2 sky beasts
  2 ice beasts (D:7)
  3 orc warriors
  A necrophage (D:7)
  5 ogres
  A giant frog (D:7)
  Blork the orc (D:4)
  A water moccasin skeleton (D:4)
  2 scorpions (D:7)
  2 killer bees
  A howler monkey (D:5)
  A giant frog zombie (D:5)
  A crimson imp (D:3)
  A quasit (D:4)
  3 orc priests
  A hound (D:8)
  8 orc wizards
  A jelly (D:5)
  2 giant frog skeletons
  An iguana (D:7)
  6 worker ants
  2 hound zombies
  A howler monkey skeleton (D:7)
  3 gnolls (D:4)
  12 adders
  A shadow imp (D:5)
  An ooze (D:5)
  An adder skeleton (D:7)
  3 worms
  A dart slug (D:3)
  10 giant geckos
  22 orcs
  A ball python (D:1)
  2 bats (D:2)
  7 giant cockroaches
  9 goblins
  5 hobgoblins
  9 jackals
  7 quokkas
  4 giant newts
  A jackal skeleton (D:4)
  10 kobolds
  A quokka skeleton (D:6)
  7 rats
169 creatures vanquished.

Notes
Turn   | Place    | Note
--------------------------------------------------------------
     0 | D:1      | Ijustatesigmund the Spriggan Assassin began the quest for the Orb.
     0 | D:1      | Reached XP level 1. HP: 10/10 MP: 2/2
    66 | D:1      | Reached skill level 6 in Stealth
   633 | D:1      | Reached XP level 2. HP: 9/14 MP: 3/3
  1016 | D:2      | Reached XP level 3. HP: 12/18 MP: 4/4
  1035 | D:2      | Found a faded altar to an unknown god.
  1059 | D:2      | Reached skill level 7 in Stealth
  1598 | D:2      | Reached XP level 4. HP: 15/22 MP: 5/5
  2537 | D:3      | Reached skill level 8 in Stealth
  2537 | D:3      | Reached XP level 5. HP: 7/25 MP: 6/6
  3868 | D:4      | Noticed Sigmund
  3896 | D:4      | Noticed Blork the orc
  4438 | D:4      | Found a staircase to the Ecumenical Temple.
  4444 | Temple   | Entered the Ecumenical Temple
  4569 | Temple   | Became a worshipper of Vehumet
  4983 | D:4      | Killed Blork the orc
  4983 | D:4      | Reached XP level 6. HP: 10/30 MP: 7/7
  5270 | D:4      | Killed Sigmund
  5270 | D:4      | Reached skill level 5 in Short Blades
  5270 | D:4      | Reached skill level 9 in Stealth
  5313 | D:4      | Found Ytimp's Food Shoppe.
  5313 | D:4      | Found Umedudgh's Food Shop.
  5313 | D:4      | Noticed a hungry ghost
  5327 | D:4      | Bought a royal jelly for 26 gold pieces
  5338 | D:4      | Killed a hungry ghost
  5338 | D:4      | Reached skill level 5 in Dodging
  5338 | D:4      | Reached XP level 7. HP: 26/33 MP: 8/8
  5349 | D:4      | Bought a slice of pizza for 15 gold pieces
  5349 | D:4      | Bought a royal jelly for 20 gold pieces
  5454 | D:4      | Found Gavuk's General Store.
  5461 | D:4      | Bought a scroll of remove curse for 33 gold pieces
  5609 | D:5      | Entered Level 5 of the Dungeon
  6291 | D:4      | Reached skill level 10 in Stealth
  6412 | D:5      | Reached * piety under Vehumet
  6412 | D:5      | Offered knowledge of Sting by Vehumet.
  6457 | D:5      | Noticed a moth of wrath
  6460 | D:5      | Found a bloodstained altar of Trog.
  6514 | D:5      | Reached XP level 8. HP: 37/39 MP: 9/9
  6661 | D:5      | Noticed Edmund
  6668 | D:5      | Killed Edmund
  6668 | D:5      | Reached skill level 1 in Spellcasting
  7048 | D:6      | Got a bound bone ring
  7060 | D:6      | Identified the ring "Uvanivud" {MR+ Str+3} (You found it on level 6 of the Dungeon)
  7653 | D:5      | Reached skill level 5 in Throwing
  7913 | D:6      | Reached ** piety under Vehumet
  8000 | D:6      | Offered knowledge of Throw Flame by Vehumet.
  8215 | D:5      | Reached skill level 5 in Fighting
  8215 | D:5      | Reached XP level 9. HP: 44/47 MP: 14/14
  8614 | D:7      | Offered knowledge of Throw Frost by Vehumet.
  9253 | D:7      | Reached skill level 11 in Stealth
  9311 | D:8      | Reached *** piety under Vehumet
  9724 | D:8      | HP: 1/48 [poisoned by a killer bee]
  9725 | D:8      | Succumbed to a killer bee's poison

Vault maps used:
D:1:      scummos_arrival_simple_fountains
D:2:      ecumenical_altar_1
D:4:      minmay_temple_entry_enclosed_plants, serial_shops,
          nicolae_shop_scaring_up_business, nicolae_shop_stone, shop,
          uniq_sigmund, uniq_blork_the_orc
D:5:      tgw_trog, first_bread, uniq_edmund
D:6:      st_stairs_5
D:8:      uniq_psyche, uniq_pikel
Temple:   kilobyte_greek_temple_18

Skill      XL: |  1  2  3  4  5  6  7  8  9 |
---------------+----------------------------+-----
Stealth        | 6 7 8 9 10 11 | 11.2
Short Blades   | 3 4 5 6 |  6.0
Dodging        | 2 4 5 6 8 |  8.0
Throwing       | 3 5 |  5.0
Fighting       | 5 6 |  6.1
Spellcasting   | 3 |  3.1

Action                   |  1- 3 |  4- 6 |  7- 9 || total
-------------------------+-------+-------+-------++-------
Melee: Dagger            |   120 |   284 |   456 ||   860
 Fire: Blowgun           |     6 |    25 |    51 ||    82
Throw: Throwing net      |       |     4 |     1 ||     5
       Tomahawk          |       |       |    18 ||    18
  Use: Scroll            |     5 |     6 |     5 ||    16
       Potion            |     2 |     2 |     4 ||     8
 Stab: Sleeping          |     5 |    16 |    31 ||    52
       Held in net/web   |       |     2 |       ||     2
       Distracted        |       |     1 |     3 ||     4
  Eat: Bread ration      |       |     1 |       ||     1
       Pizza             |       |       |     1 ||     1
       Royal jelly       |       |       |     2 ||     2
